 Dungeon Crawl Stone Soup version 0.27.0-1-g7a089689b8 (webtiles) character file.

Game seed: 17067017460236153969

12547 bnorton916 the Thaumaturge (level 11, -1/54 HPs)
             Began as a Deep Elf Conjurer on Aug 17, 2021.
             Was a Believer of Vehumet.
             Slain by a komodo dragon (11 damage)
             ... while petrified by a basilisk
             ... on level 1 of the Lair of Beasts.
             The game lasted 00:29:59 (17661 turns).

bnorton916 the Thaumaturge (Deep Elf Conjurer)     Turns: 17661, Time: 00:30:00

Health: -1/54      AC: 10    Str:  4    XL:     11   Next: 63%
Magic:  12/26      EV:  2    Int: 27    God:    Vehumet [**....]
Gold:   716        SH:  0    Dex: 13    Spells: 1/29 levels left

rFire    + . .     SeeInvis .   G - +3 dagger (elec)
rCold    . . .     Faith    .   (no shield)
rNeg     + + +     Spirit   .   a - +0 robe
rPois    ∞         Reflect  .   (no helmet)
rElec    .         Harm     .   F - +2 cloak
rCorr    .         Rampage  .   J - +0 pair of gloves
Will     +....                  (no boots)
Stlth    ++........             r - amulet of regeneration
HPRegen  1.18/turn              T - +4 ring of protection
MPRegen  0.20/turn              u - ring of protection from fire

@: petrified
A: no striking features
a: Renounce Religion


You were on level 1 of the Lair of Beasts.
You worshipped Vehumet.
Vehumet was pleased with you.
You visited 3 branches of the dungeon, and saw 13 of its levels.
You also visited: Sewer.

You collected 716 gold pieces.

Inventory:

Hand Weapons
 g - a +2 dagger of speed
 j - a +0 dagger of draining
 m - a +0 short sword of venom
 v - the +9 staff of Wucad Mu {*channel}
   (You found it on level 6 of the Dungeon)

   It occasionally powers its wielder's spells, but with a chance of causing
   confusion or draining the wielder's intelligence.
   It becomes more likely to activate and less likely to backfire with increased
   Evocations skill.
 E - a +2 dagger of venom
 G - a +3 dagger of electrocution (weapon)
Missiles
 c - 243 stones
 o - 4 curare-tipped darts
 p - 55 poisoned darts
Armour
 a - a +0 robe (worn)
 w - +0 acid dragon scales
 F - a +2 cloak (worn)
 J - a +0 pair of gloves (worn)
 R - a +0 troll leather armour
Magical Staves
 f - a staff of earth
Jewellery
 d - a ring of fire
 h - a ring of resist corrosion
 r - an amulet of regeneration (around neck)
 t - a ring of flight
 u - a ring of protection from fire (right hand)
 K - an amulet of faith
 T - a +4 ring of protection (left hand)
Wands
 y - a wand of flame (16)
 C - a wand of acid (5)
 Q - a wand of digging (6)
 S - a wand of paralysis (14)
 U - a wand of iceblast (6)
Scrolls
 i - a scroll of vulnerability
 l - 2 scrolls of brand weapon
 s - 3 scrolls of noise
 z - a scroll of amnesia
 A - 3 scrolls of immolation
 B - a scroll of enchant armour
 I - 2 scrolls of blinking
 O - 2 scrolls of teleportation
 P - a scroll of fear
Potions
 b - a potion of flight
 e - a potion of haste
 k - 3 potions of might
 n - a potion of ambrosia
 q - a potion of invisibility
 x - 2 potions of lignification
 H - 2 potions of heal wounds
 L - 2 potions of berserk rage
 M - a potion of magic


   Skills:
 + Level 5.3 Armour
 - Level 7.3 Dodging
 - Level 2.4 Stealth
 - Level 9.5 Spellcasting
 - Level 8.8 Conjurations
 - Level 9.1 Hexes
 - Level 6.2 Summonings
 - Level 7.6 Translocations
 - Level 7.6 Ice Magic


You had one spell level left.
You knew the following spells:

 Your Spells              Type           Power      Damage    Failure   Level
a - Magic Dart            Conj           100%       1d8       1%          1
b - Searing Ray           Conj           100%       3d7       1%          2
c - Fulminant Prism       Conj/Hex       28%        3d14      1%          4
d - Iskenderun's Mystic   Conj/Tloc      55%        2d12      1%          4
e - Frozen Ramparts       Ice            100%       1d12      1%          3
f - Hailstorm             Conj/Ice       55%        3d12      1%          4
g - Summon Ice Beast      Ice/Summ       50%        N/A       2%          4
h - Sandblast             Erth           24%        2d8       4%          1
i - Summon Mana Viper     Hex/Summ       53%        N/A       5%          5

Your spell library contained the following spells:

 Spells                   Type           Power      Damage    Failure   Level
 Shock                    Conj/Air       100%       1d9       1%          1
 Freeze                   Ice            100%       1d11      1%          1
 Animate Skeleton         Necr           24%        N/A       4%          1
 Pain                     Necr           48%        1d6       4%          1
 Ensorcelled Hibernation  Hex/Ice        100%       N/A       1%          2
 Slow                     Hex            58%        N/A       1%          2
 Confusing Touch          Hex            58%        N/A       1%          3
 Dazzling Flash           Conj/Hex       100%       N/A       1%          3
 Summon Lightning Spire   Summ/Air       29%        N/A       12%         4
 Spider Form              Tmut/Pois      6%         N/A       14%         3
 Vampiric Draining        Necr           6%         2d6       14%         3
 Yara's Violent Unravell  Hex/Tmut       18%        3d9       19%         5
 Irradiate                Conj/Tmut      18%        3d20      21%         5
 Shadow Creatures         Summ           N/A        N/A       47%         6
 Blade Hands              Tmut           6%         N/A       77%         5
 Monstrous Menagerie      Summ           23%        N/A       96%         7
 Dragon Form              Tmut           6%         N/A       100%        7
 Storm Form               Tmut/Air       6%         N/A       100%        7


Dungeon Overview and Level Annotations

Branches:
Dungeon (11/15)            Temple (1/1) D:7            Lair (1/6) D:10
    Orc (0/2) D:10          Sewer (visited)

Altars:
Ashenzari
Cheibriados
Dithmenos
Elyvilon
Fedhas
Gozag
Hepliaklqana
Kikubaaqudgha
Makhleb
Nemelex Xobeh
Okawaru
Qazlal
Ru
Sif Muna
Trog
Uskayaw
Vehumet
Wu Jian
Xom
Yredelemnul
Zin
The Shining One

Shops:
D:10 *   D:11 *

Annotations:
D:9 3 runed translucent doors, horus123's ghost, novice DECj


Message History

The yak closely misses you.
You hit the yak. Lightning courses through the yak!
You kill the yak!
Vehumet accepts your kill. The basilisk gazes at you.
You easily resist.
Your frozen ramparts will break if you move.
Continue? [Y]es or [N]o only, please.
Your frozen ramparts will break if you move.
Continue? [Y]es or [N]o only, please.
Your frozen ramparts will break if you move.
Continue? [Y]es or [N]o only, please.
Your frozen ramparts will break if you move.
Continue?
Okay, then.
Your frozen ramparts will break if you move.
Continue?
The frozen ramparts melt away as you move.
A komodo dragon comes into view.
The basilisk gazes at you.
You are slowing down.
The komodo dragon moves out of view.
A komodo dragon comes into view.
Your limbs are stiffening.
The komodo dragon hisses angrily.
You have turned to stone.
The basilisk barely misses you. The basilisk bites you. The basilisk bites you!
The basilisk bites you. The komodo dragon bites you!! The basilisk bites you.
The komodo dragon bites you!!
* * * LOW HITPOINT WARNING * * *
The basilisk gazes at you. The komodo dragon bites you!
* * * LOW HITPOINT WARNING * * *
The basilisk bites you.
* * * LOW HITPOINT WARNING * * *
The komodo dragon bites you. The basilisk bites you.
* * * LOW HITPOINT WARNING * * *
The komodo dragon bites you!!
You die...

#....# #....#
#....## #..†).# #
##....##
#.#P....#
#.......######
...#.............
......l@.........
....#.l.<........
.##..............
.....#...........
..#..#####.......
⌠..#. .##.... ...
.. ... .. .⌠. ..
...


You could see a komodo dragon and a basilisk.

Vanquished Creatures
  A hydra (D:11)
  2 two-headed ogres
  A cyclops (D:9)
  An ugly thing (D:11)
  3 gargoyles
  2 trolls
  A vampire (D:9)
  3 wyverns
  8 yaks
  4 vampire mosquitoes
  4 steam dragons
  2 wargs (D:10)
  An acid dragon (D:8)
  A water moccasin (D:7)
  4 sky beasts
  A black bear (D:6)
  A necrophage (D:4)
  2 ice beasts
  6 orc warriors
  4 ogres
  6 centaurs
  A phantom (D:4)
  9 kobold brigands
  Blork the orc (D:4)
  4 bullfrogs
  A gnoll sergeant (D:9)
  A scorpion (D:7)
  A wyvern skeleton (D:6)
  4 killer bees (D:9)
  5 wights (D:10)
  5 howler monkeys
  A bullfrog zombie (D:5)
  A hound (D:7)
  4 centaur zombies
  Crazy Yiuf (D:7)
  A centaur skeleton (D:7)
  A bullfrog skeleton (D:7)
  4 orc priests
  2 gnoll shamans
  An iguana (D:5)
  6 orc wizards
  A hound skeleton (D:4)
  7 howler monkey zombies
  A howler monkey skeleton (D:7)
  15 adders
  11 gnolls
  A river rat (Sewer)
  2 white imps
  2 shadow imps
  4 ufetubi
  2 dart slugs
  4 worms
  29 orcs
  13 ball pythons
  7 endoplasms
  2 giant cockroaches
  13 hobgoblins
  4 quokkas
  4 bats
  3 frilled lizards (D:1)
  9 goblins
  13 kobolds
  9 rats
268 creatures vanquished.

Vanquished Creatures (collateral kills)
  A manticore (D:11)
  2 orc wizards (D:11)
  An orc (D:11)
4 creatures vanquished.

Vanquished Creatures (others)
  26 fulminant prisms
26 creatures vanquished.

Grand Total: 298 creatures vanquished

Notes
Turn   | Place    | Note
-------+----------+-------------------------------------------
     0 | D:1      | bnorton916 the Deep Elf Conjurer began the quest for the
                  | Orb.
     0 | D:1      | Reached XP level 1. HP: 10/10 MP: 6/6
   274 | D:1      | Reached XP level 2. HP: 15/15 MP: 3/8
   972 | D:1      | Reached skill level 5 in Conjurations
   972 | D:1      | Reached XP level 3. HP: 19/19 MP: 8/10
  1821 | D:2      | Found a faded altar of an unknown god.
  2473 | D:2      | Learned a level 2 spell: Searing Ray
  2856 | D:3      | Reached XP level 4. HP: 24/24 MP: 8/12
  3264 | D:3      | Learned a level 4 spell: Fulminant Prism
  3269 | D:3      | Learned a level 4 spell: Iskenderun's Mystic Blast
  3625 | D:4      | Noticed an ogre
  3635 | D:4      | Killed an ogre
  3636 | D:4      | Reached skill level 5 in Spellcasting
  3636 | D:4      | Reached XP level 5. HP: 15/28 MP: 8/15
  3800 | D:4      | Found a snail-covered altar of Cheibriados.
  3826 | D:4      | Noticed a phantom
  3836 | D:4      | Killed a phantom
  3948 | D:4      | Noticed a necrophage
  3957 | D:4      | Killed a necrophage
  3958 | D:4      | Reached XP level 6. HP: 22/32 MP: 5/17
  4179 | D:4      | Noticed Blork the orc
  4185 | D:4      | Killed Blork the orc
  4199 | D:4      | Found a glowing drain.
  4213 | Sewer    | Entered a sewer
  4697 | Sewer    | Reached XP level 7. HP: 18/36 MP: 8/20
  5820 | D:4      | Reached XP level 8. HP: 41/41 MP: 20/23
  6172 | D:4      | Found a hazy altar of Hepliaklqana.
  6548 | D:5      | Entered Level 5 of the Dungeon
  6580 | D:5      | Learned a level 3 spell: Frozen Ramparts
  6655 | D:5      | Reached skill level 1 in Hexes
  6655 | D:5      | Reached skill level 1 in Translocations
  6655 | D:5      | Reached skill level 1 in Ice Magic
  7163 | D:5      | Found a stormy altar of Qazlal.
  7164 | D:5      | Noticed an air elemental
  7286 | D:6      | Found the +9 staff of Wucad Mu {*channel}
  7419 | D:6      | Got Duophaaps's Reference Book on Flight
  8056 | D:7      | Found a staircase to the Ecumenical Temple.
  8095 | Temple   | Entered the Ecumenical Temple
  8267 | Temple   | Became a worshipper of Vehumet
  8504 | D:7      | Reached XP level 9. HP: 45/45 MP: 18/24
  8584 | D:7      | Reached skill level 5 in Hexes
  9386 | D:7      | Found a runed translucent door.
  9387 | D:7      | Noticed Crazy Yiuf
  9475 | D:7      | Reached skill level 5 in Translocations
  9646 | D:7      | Killed Crazy Yiuf
  9647 | D:7      | Reached skill level 5 in Ice Magic
 10096 | D:8      | Reached * piety under Vehumet
 10096 | D:8      | Offered knowledge of Sandblast by Vehumet.
 10174 | D:8      | Learned a level 4 spell: Hailstorm
 11075 | D:8      | Noticed a two-headed ogre
 11092 | D:8      | Killed a two-headed ogre
 11093 | D:8      | Reached XP level 10. HP: 25/50 MP: 5/25
 12233 | D:9      | Found a glowing golden altar of the Shining One.
 12233 | D:9      | Noticed a gargoyle
 12255 | D:9      | Killed a gargoyle
 12605 | D:9      | Learned a level 4 spell: Summon Ice Beast
 12640 | D:9      | Reached skill level 1 in Summonings
 12770 | D:9      | Noticed a cyclops
 12781 | D:9      | Killed a cyclops
 13094 | D:9      | Found a shimmering altar of Xom.
 13118 | D:9      | Found a sacrificial altar of Ru.
 13118 | D:9      | Found an iron altar of Okawaru.
 13219 | D:9      | Found a runed translucent gate.
 13219 | D:9      | Found a runed translucent gate.
 13219 | D:9      | Found a runed translucent gate.
 13219 | D:9      | Noticed horus123's ghost (novice DECj)
 13223 | D:9      | Learned a level 1 spell: Sandblast
 13223 | D:9      | Found a basalt altar of Yredelemnul.
 13627 | D:10     | Entered Level 10 of the Dungeon
 13825 | D:10     | Reached skill level 5 in Dodging
 14481 | D:10     | Offered knowledge of Shock by Vehumet.
 14491 | D:10     | Noticed a two-headed ogre
 14500 | D:10     | Killed a two-headed ogre
 14500 | D:10     | Reached ** piety under Vehumet
 14501 | D:10     | Reached skill level 5 in Summonings
 14501 | D:10     | Reached XP level 11. HP: 45/54 MP: 9/26
 14645 | D:10     | Found Vowidob's Assorted Antiques.
 14713 | D:10     | Found a staircase to the Lair.
 14771 | D:10     | Found a staircase to the Orcish Mines.
 15455 | D:10     | Learned a level 5 spell: Summon Mana Viper
 15533 | D:11     | Reached skill level 1 in Armour
 15575 | D:11     | Found Hapnow's Mass Market.
 16641 | D:11     | Noticed a brown ugly thing
 16658 | D:11     | Killed a brown ugly thing
 17022 | D:11     | Noticed a seven-headed hydra
 17029 | D:11     | Killed a seven-headed hydra
 17593 | Lair:1   | Entered Level 1 of the Lair of Beasts
 17642 | Lair:1   | Reached skill level 5 in Armour
 17661 | Lair:1   | Slain by a komodo dragon

Illustrated notes

Levels and vault maps discovered:
D:1:      scummos_arrival_hexagon, layout_basic, minivault_4,
          kennysheep_small_spiral
D:2:      layout_basic, shapermc_ecumenical_altar_mp_urbaneastern
D:3:      layout_basic
D:4:      layout_loops_ring, kennysheep_mini, cheibrodos_worm_habitat,
          portal_sewer_entry_d, sigmund_army, uniq_blork_the_orc
D:5:      layout_basic, nicolae_qazlal_style_of_elements
D:6:      layout_gridville, minmay_checkerbox
D:7:      layout_gridville, minmay_temple_entry_purple_smoke,
          hangedman_decor_clover_reticule, uniq_crazy_yiuf_cottage
D:8:      layout_loops_ring, chequers_garden, grunt_ministairs_4,
          hangedman_minor_gate_pass
D:9:      layout_long_grid, nicolae_yredelemnul_ghost_church,
          jmf_multi_god_temple, minmay_misc_feat_enclosed,
          hangedman_feature_mirror
D:10:     layout_roguey, lair_entry_dummy, david_orc_1_choice, serial_shops,
          nicolae_shop_overgrown_old_shop, hangedman_misty_isle
D:11:     layout_grid_maze, dk_noncrumbling_3, minmay_shop_mass,
          minmay_strange_pillars
Temple:   regret_index_temple_sphere_string
Lair:1:   layout_chaotic_city, portal_ice_cave_demonic_guard, grunt_megastairs_2

Skill      XL: |  1  2  3  4  5  6  7  8  9 10 11 |
---------------+----------------------------------+-----
Spellcasting   | 4 5 6 7 9 |  9.5
Conjurations   | 5 6 7 8 |  8.8
Hexes          | 4 7 9 |  9.1
Translocations | 3 6 7 |  7.6
Ice Magic      | 3 6 7 |  7.6
Summonings     | 5 6 |  6.2
Dodging        | 6 7 |  7.3
Armour         | 5 |  5.3
Stealth        | |  2.4

Action                   |  1- 3 |  4- 6 |  7- 9 | 10-12 || total
-------------------------+-------+-------+-------+-------++-------
Melee: Dagger            |     1 |     5 |    15 |    20 ||    41
 Cast: Magic Dart        |    76 |    57 |   151 |    94 ||   378
       Searing Ray       |       |    14 |    64 |    49 ||   127
       Fulminant Prism   |       |       |     3 |    23 ||    26
       Frozen Ramparts   |       |       |     3 |    17 ||    20
       Iskenderun's Myst |       |       |     3 |    12 ||    15
       Summon Mana Viper |       |       |       |     5 ||     5
       Summon Ice Beast  |       |       |       |     2 ||     2
Evoke: Wand              |       |       |       |     3 ||     3
  Use: Scroll            |       |     3 |     2 |    13 ||    18
       Potion            |       |       |     5 |       ||     5
Armor: Robe              |       |     2 |     9 |    25 ||    36
Dodge: Dodged            |     5 |    15 |    65 |   102 ||   187
